 Dungeon Crawl Stone Soup version 0.25-a0-566-g062765be81 (webtiles) character file.

Game seed: 11181230814065443205, levelgen mode: deterministic

5210 Flugslaktarn the Cleaver (level 10, -2/98 HPs)
             Began as a Deep Dwarf Fighter on Feb 28, 2020.
             Slain by a two-headed ogre
             ... wielding a +0 giant spiked club
              (10 damage)
             ... on level 9 of the Dungeon.
             The game lasted 00:03:14 (3928 turns).

Flugslaktarn the Cleaver (Deep Dwarf Fighter)       Turns: 3928, Time: 00:03:14

Health: -2/98      AC: 12    Str: 23    XL:     10   Next: 35%
Magic:  7/7        EV:  6    Int:  9    God:
Gold:   199        SH: 11    Dex: 12    Spells: 9/9 levels left

rFire    + . .     SeeInvis .   m - +2 hand axe (flame)
rCold    . . .     Gourm    .   c - +0 kite shield
rNeg     . . .     Faith    .   x - +0 chain mail {rF+}
rPois    .         Spirit   .   q - +0 helmet
rElec    .         Reflect  .   (no cloak)
rCorr    .         Harm     .   (no gloves)
MR       +....                  (no boots)
Stlth    ..........             (no amulet)
HPRegen  0.00/turn              (no ring)
MPRegen  0.10/turn              (no ring)

@: non-regenerating
A: damage resistance, heal wounds, sense surroundings 2, no regeneration
a: Heal Wounds


You were on level 9 of the Dungeon.
You were very hungry.

You visited 2 branches of the dungeon, and saw 10 of its levels.

You collected 199 gold pieces.

Inventory:

Hand Weapons
 a - a +0 war axe
 m - a +2 hand axe of flaming (weapon)
   (You took it off an orc on level 4 of the Dungeon)
Armour
 c - a +0 kite shield (worn)
 j - a +0 chain mail
   (You took it off an orc on level 3 of the Dungeon)
 q - a +0 helmet (worn)
   (You found it on level 6 of the Dungeon)
 x - a +0 chain mail of fire resistance (worn)
   (You found it on level 7 of the Dungeon)
Jewellery
 w - a +5 ring of intelligence {unknown}
   (You found it on level 7 of the Dungeon)
 y - an uncursed ring of poison resistance {unknown}
   (You found it on level 8 of the Dungeon)
Wands
 l - a wand of iceblast (9)
   (You took it off an orc on level 4 of the Dungeon)
 t - a wand of paralysis (9)
   (You took it off a gnoll on level 6 of the Dungeon)
 C - a wand of acid (11)
   (You found it on level 8 of the Dungeon)
Scrolls
 f - 9 scrolls of identify {unknown}
 g - 6 scrolls of remove curse {unknown}
 h - 3 scrolls of magic mapping {unknown}
 i - a scroll of immolation {unknown}
 k - 2 scrolls of fear {unknown}
 n - 4 scrolls of enchant armour {unknown}
 o - 4 scrolls of teleportation {unknown}
 s - a scroll of brand weapon {unknown}
 D - a scroll of amnesia {unknown}
Potions
 b - a potion of lignification {unknown}
 d - 3 potions of might
 p - a potion of resistance {unknown}
 r - a potion of mutation {unknown}
 u - a potion of degeneration {unknown}
 z - a potion of stabbing {unknown}
 A - a potion of haste {unknown}
 B - a potion of heal wounds {unknown}
Comestibles
 e - 17 rations
 v - 22 chunks of flesh


   Skills:
 * Level 8.7 Fighting
 * Level 9.9 Axes
 + Level 7.7 Armour
 + Level 7.6 Shields


You had 9 spell levels left.
You didn't know any spells.
Your spell library was empty.

Dungeon Overview and Level Annotations

Branches:
Dungeon (9/15)             Temple (1/1) D:7
   Lair: D:8-11         Orc: D:9-12

Altars:
Ashenzari
Cheibriados
Dithmenos
Elyvilon
Fedhas
Hepliaklqana
Kikubaaqudgha
Nemelex Xobeh
Okawaru
Qazlal
Ru
Trog
Uskayaw
Vehumet
Wu Jian
Xom
The Shining One

Shops:
D:6 =

Annotations:
D:8 exclusion: oklob plant


Innate Abilities, Weirdness & Mutations

You are resistant to damage.
You can heal yourself by infusing magical energy.
You passively map the area around you.
You do not regenerate.


Message History

The two-headed ogre completely misses you.
You are too injured to fight recklessly!
You are too injured to fight recklessly!
You are too injured to fight recklessly!
You are too injured to fight recklessly!
You are too injured to fight recklessly!
You are too injured to fight recklessly!
You are too injured to fight recklessly!
You are too injured to fight recklessly!
You are too injured to fight recklessly!
You are too injured to fight recklessly!
You fail to use your ability.
The sky beast hits you but does no damage.
The hungry ghost hits you.
You are feeling very hungry.
The black bear bites you but does no damage.
The black bear barely misses you.
The black bear claws you but does no damage.
The two-headed ogre hits you with a +0 giant spiked club!
You die...

, ,, , ,, , , ,,
............... , ,, ,
.$............. ,, ,
...............,, ,
...............
............... ,, , ,,
............... , ,
,......OYW...... ,
......h@....... ,.# ,
#######.####### ..# *
######.##########..# *,
, ....................#
, ,,,
....................# ,
....................# ,
,
,,....................#
, ....................#
, ,
...(.......÷..÷.....#


You could see a two-headed ogre, a hungry ghost, a black bear and a sky beast.

Vanquished Creatures
  Maggie (D:9)
  A troll (D:9)
  A hippogriff (D:8)
  2 yaks (D:7)
  2 hogs (D:7)
  A wyvern (D:9)
  A human (D:7)
  A sky beast (D:5)
  3 orc warriors
  4 ice beasts
  3 phantoms (D:4)
  5 ogres
  A necrophage (D:6)
  5 centaurs
  4 bullfrogs
  A wyvern zombie (D:8)
  2 scorpions
  3 killer bees (D:8)
  3 wights (D:7)
  3 howler monkeys
  2 crimson imps (D:8)
  A bullfrog zombie (D:9)
  A quasit (D:7)
  2 jellies
  A hound (D:6)
  4 orc priests
  3 iguanas
  5 orc wizards
  Natasha (D:3)
  7 worker ants
  2 hound skeletons
  2 worker ant zombies
  4 gnolls (D:6)
  A howler monkey zombie (D:6)
  6 adders
  2 shadow imps
  3 adder zombies
  2 adder skeletons
  A dart slug (D:5)
  5 leopard geckos
  45 orcs
  A giant cockroach (D:3)
  4 goblins
  8 jackals (D:9)
  4 quokkas
  4 bats
  2 frilled lizards (D:2)
  3 kobolds (D:2)
  4 rats (D:2)
  A fungus (D:7)
178 creatures vanquished.

Vanquished Creatures (others)
  2 fungi (D:7)
2 creatures vanquished.

Grand Total: 180 creatures vanquished

Notes
Turn   | Place    | Note
-------+----------+-------------------------------------------
     0 | D:1      | Flugslaktarn the Deep Dwarf Fighter began the quest for the
                  | Orb.
     0 | D:1      | Reached XP level 1. HP: 20/20 MP: 1/1
    52 | D:2      | Reached XP level 2. HP: 25/28 MP: 2/2
   147 | D:2      | Found a shadowy altar of Dithmenos.
   170 | D:2      | Reached XP level 3. HP: 22/34 MP: 3/3
   178 | D:2      | Found a hide-covered altar of Uskayaw.
   243 | D:3      | Noticed Natasha
   248 | D:3      | Reached skill level 3 in Axes
   256 | D:3      | Killed Natasha
   277 | D:3      | Reached XP level 4. HP: 29/42 MP: 4/4
   365 | D:4      | Noticed a phantom
   384 | D:4      | Killed a phantom
   384 | D:4      | Reached XP level 5. HP: 34/50 MP: 5/5
   399 | D:4      | Reached skill level 4 in Axes
   495 | D:4      | Noticed a phantom
   510 | D:4      | Killed a phantom
   510 | D:4      | Reached XP level 6. HP: 51/57 MP: 5/5
   816 | D:4      | Reached skill level 5 in Axes
   928 | D:5      | Entered Level 5 of the Dungeon
   937 | D:5      | Noticed an ice beast
   944 | D:5      | Killed an ice beast
   944 | D:5      | Reached XP level 7. HP: 66/66 MP: 5/5
  1054 | D:5      | Reached skill level 5 in Fighting
  1158 | D:5      | Found a hazy altar of Hepliaklqana.
  1260 | D:5      | Reached skill level 5 in Armour
  1372 | D:5      | Reached skill level 5 in Shields
  1455 | D:6      | Reached skill level 6 in Axes
  1525 | D:6      | Reached XP level 8. HP: 59/75 MP: 6/6
  1698 | D:6      | Reached skill level 7 in Axes
  1938 | D:6      | Found Vuzxe's Jewellery Emporium.
  2413 | D:7      | Found a blossoming altar of Fedhas.
  2473 | D:7      | Gained mutation: You passively map the area around you.
                  | [Deep Dwarf growth]
  2473 | D:7      | Reached XP level 9. HP: 30/85 MP: 7/7
  2619 | D:7      | Reached skill level 8 in Axes
  2774 | D:7      | Found a staircase to the Ecumenical Temple.
  2868 | Temple   | Entered the Ecumenical Temple
  3103 | D:7      | Found a shattered altar of Ashenzari.
  3234 | D:8      | Reached skill level 9 in Axes
  3258 | D:8      | Found an ornate altar of the Wu Jian Council.
  3258 | D:8      | Noticed an oklob plant
  3378 | D:8      | Reached XP level 10. HP: 46/96 MP: 7/7
  3830 | D:9      | Noticed Maggie
  3865 | D:9      | Killed Maggie
  3919 | D:9      | Noticed a two-headed ogre
  3928 | D:9      | Slain by a two-headed ogre

Levels and vault maps discovered:
D:1:      sevenhm_arrival_forest_fort_small_3, layout_basic, minmay_unequal
D:2:      layout_rooms, lemuel_doored_altar, grunt_dithmenos_smoke
D:3:      layout_rooms, zin_academy, gammafunk_temple_overflow_claw,
          gammafunk_ghost_gnarly_gnolls, uniq_natasha, uniq_robin
D:4:      layout_loops_cross
D:5:      layout_rooms, kennysheep_mini_moat, first_ration
D:6:      kennysheep_big_flooded_room, layout_basic, serial_shops, shop,
          minmay_starry_boxes
D:7:      layout_basic, lemuel_round_altar, fedhas_altar_3,
          minmay_temple_entry_junction, grunt_livestock, corner_web_ring
D:8:      layout_rooms, lemuel_oklob_altar
D:9:      layout_long_grid, led_sif_book, uniq_maggie
Temple:   cyrus_circular_temple

Skill      XL: |  1  2  3  4  5  6  7  8  9 |
---------------+----------------------------+-----
Fighting       | 3 4 5 6 8 |  8.7
Axes           | 3 4 5 6 7 9 |  9.9
Armour         | 4 5 6 7 |  7.7
Shields        | 4 5 6 7 |  7.6

Action                   |  1- 3 |  4- 6 |  7- 9 | 10-12 || total
-------------------------+-------+-------+-------+-------++-------
Melee: War axe           |    82 |    30 |       |       ||   112
       Hand axe          |       |    44 |   434 |   150 ||   628
 Abil: Heal Wounds       |     1 |     2 |    16 |     5 ||    24
  Eat: Chunk             |       |       |     9 |     2 ||    11
Armor: Scale mail        |    37 |       |       |       ||    37
       Chain mail        |       |    27 |   199 |    74 ||   300
Dodge: Dodged            |    39 |    17 |    92 |    37 ||   185
Block: Kite shield       |    49 |    32 |   254 |    83 ||   418

Table legend:
 A = Non-vault XP
 B = Vault XP
 C = Vault XP percentage of total XP
 D = Non-vault monster count
 E = Vault monster count
 F = Vault count percentage of total count
                 A         B        C        D         E       F
            +---------+---------+-------+---------+---------+-------
      Total |    5672 |    1771 |  23.8 |     163 |      14 |   7.9
            +---------+---------+-------+---------+---------+-------
        D:2 |      48 |       0 |   0.0 |      18 |       0 |   0.0
        D:3 |      25 |      35 |  58.3 |      10 |       1 |   9.1
        D:4 |     555 |       0 |   0.0 |      13 |       0 |   0.0
        D:5 |     473 |       0 |   0.0 |      12 |       0 |   0.0
        D:6 |     927 |     365 |  28.3 |      30 |       7 |  18.9
        D:7 |    1159 |     982 |  45.9 |      32 |       5 |  13.5
        D:8 |    1466 |       0 |   0.0 |      27 |       0 |   0.0
        D:9 |    1019 |     389 |  27.6 |      21 |       1 |   4.5
            +---------+---------+-------+---------+---------+-------
